 Dungeon Crawl Stone Soup version 0.21.1-1-g345015f (webtiles) character file.

218 Krilegs the Grave Robber (level 5, -2/25 HPs)
             Began as a Deep Elf Necromancer on May 7, 2018.
             Slain by an orc warrior
             ... wielding a +0 hand axe
              (11 damage)
             ... on level 7 of the Dungeon.
             The game lasted 00:17:40 (4044 turns).

Krilegs the Grave Robber (Deep Elf Necromancer)     Turns: 4044, Time: 00:17:41

Health: -2/25      AC:  6    Str:  3    XL:     5   Next: 63%
Magic:  7/15       EV: 13    Int: 21    God:
Gold:   249        SH:  0    Dex: 15    Spells: 6/15 levels left

rFire    . . .     SeeInvis .   r - +0 dagger (venom)
rCold    . . .     Gourm    .   (no shield)
rNeg     . . .     Faith    .   a - +0 robe
rPois    .         Spirit   .   k - +0 helmet
rElec    .         Reflect  .   d - +0 cloak
rCorr    .         Harm     .   (no gloves)
MR       .....                  (no boots)
Stlth    ++........             (no amulet)
HPRegen  0.08/turn              (no ring)
MPRegen  0.14/turn              (no ring)

@: no status effects
A: iridescent scales 1, frail 1, weak 1
a: no special abilities


You were on level 7 of the Dungeon.
You were not hungry.

You visited 1 branch of the dungeon, and saw 5 of its levels.

You collected 249 gold pieces.

Inventory:

Hand Weapons
 r - a +0 dagger of venom (weapon)
Armour
 a - a +0 robe (worn)
 d - a +0 cloak (worn)
 k - a +0 helmet (worn)
Wands
 o - a wand of enslavement (19)
Scrolls
 f - 3 scrolls of teleportation
 i - 4 scrolls of identify
Potions
 e - a potion of brilliance {unknown}
 h - a potion of lignification
 m - 2 potions of heal wounds
Books
 b - a book of Necromancy

   Spells                             Type                      Level
   a - Pain                           Necromancy                   1
   b - Animate Skeleton               Necromancy                   1
   c - Vampiric Draining              Necromancy                   3
   d - Regeneration                   Charms/Necromancy            3
   e - Animate Dead                   Necromancy                   4
   f - Borgnjor's Vile Clutch         Necromancy/Earth             5
Comestibles
 c - 5 rations


   Skills:
 + Level 0.1 Fighting
 + Level 0.3 Short Blades
 + Level 2.5 Dodging
 + Level 2.7 Stealth
 + Level 5.7 Spellcasting
 + Level 6.7 Necromancy


You had 6 spell levels left.
You knew the following spells:

 Your Spells              Type           Power        Failure   Level  Hunger
a - Pain                  Necr           ####         1%          1    None
b - Animate Skeleton      Necr           N/A          1%          1    None
c - Vampiric Draining     Necr           ####......   1%          3    ##.....
d - Animate Dead          Necr           N/A          6%          4    ####...


Dungeon Overview and Level Annotations

Branches:
Dungeon (4/15)
 Temple: D:4-7

Altars:
Okawaru
Qazlal
Ru
Wu Jian


Innate Abilities, Weirdness & Mutations

You are partially covered in iridescent scales. (AC +2)
You are frail. (-10% HP)
You are weak. (Str -2)


Message History

The orc warrior is lightly wounded.
Your sky beast zombie barely misses the orc warrior.
Casting: Animate Dead
Confirm with . or Enter, or press ? or * to list all spells.
You don't know that spell.
Casting: Animate Dead
Confirm with . or Enter, or press ? or * to list all spells.
You don't know that spell.
Sorry, you're not good enough to have a special ability.
Unknown command.
The orc warrior hits you with a hand axe.
The orc wizard barely misses your sky beast zombie.
Casting: Animate Dead
Confirm with . or Enter, or press ? or * to list all spells.
Aiming: Pain
Press: ? - help, Shift-Dir - straight line, f/p - orc warrior
Aim: an orc warrior, wielding a hand axe and wearing a plate armour (lightly wounded, poisoned, chance to defeat MR: 84%)
The orc warrior writhes in agony!
The orc warrior hits you with a hand axe!
You die...

## #.. . ##...
.###.... #.....#
##...oo# #..
#..._..# ..
#...o..# .# ..
#.oZ...##.# ....
##.@..##..#
##.... ##...##.#
##...#
##.....###....#
## ##....#.....#
#.####.........#
#............##
###............#
#..............#
####.........#.#


You could see an orc warrior, an orc priest, 2 orc wizards and a friendly sky
beast zombie.

Vanquished Creatures
  A sky beast (D:7)
  A hound (D:4)
  3 adders
  2 worms
  An adder skeleton (D:7)
  A dart slug (D:2)
  2 leopard geckos (D:3)
  2 orcs (D:4)
  A ball python (D:2)
  5 giant cockroaches
  5 goblins
  3 hobgoblins (D:2)
  8 jackals
  3 kobolds
  2 bats
  A frilled lizard (D:3)
  4 rats
45 creatures vanquished.

Vanquished Creatures (collateral kills)
  An adder (D:3)
  A leopard gecko (D:3)
2 creatures vanquished.

Grand Total: 47 creatures vanquished

Notes
Turn   | Place    | Note
-------+----------+-------------------------------------------
     0 | D:1      | Krilegs the Deep Elf Necromancer began the quest for the Orb.
     0 | D:1      | Reached XP level 1. HP: 10/10 MP: 6/6
    25 | D:1      | Learned a level 1 spell: Animate Skeleton
   296 | D:1      | Reached skill level 5 in Necromancy
   863 | D:2      | Reached XP level 2. HP: 12/15 MP: 2/8
  1087 | D:2      | Reached XP level 3. HP: 16/19 MP: 2/10
  1102 | D:2      | Learned a level 3 spell: Vampiric Draining
  1837 | D:2      | Found a sacrificial altar of Ru.
  2329 | D:3      | Found a stormy altar of Qazlal.
  2329 | D:3      | Noticed an air elemental
  2335 | D:3      | Noticed a fire elemental
  2336 | D:3      | Noticed an earth elemental
  2336 | D:3      | Noticed a water elemental
  2368 | D:3      | Found an iron altar of Okawaru.
  2425 | D:3      | Reached skill level 6 in Necromancy
  2483 | D:3      | Reached XP level 4. HP: 24/24 MP: 9/12
  3080 | D:3      | Learned a level 4 spell: Animate Dead
  3149 | D:4      | Found an ornate altar of the Wu Jian Council.
  3405 | D:4      | Reached skill level 5 in Spellcasting
  3609 | D:4      | You fall through a shaft for 3 floors!
  3654 | D:7      | Gained mutation: You are weak. (Str -2) [potion of mutation]
  3654 | D:7      | Gained mutation: You are frail. (-10% HP) [potion of mutation]
  3654 | D:7      | Gained mutation: You are partially covered in iridescent scales. (AC +2) [potion of mutation]
  3977 | D:7      | Noticed a sky beast
  3987 | D:7      | Killed a sky beast
  3987 | D:7      | Reached XP level 5. HP: 14/25 MP: 3/15
  4028 | D:7      | Found a stormy altar of Qazlal.
  4035 | D:7      | Noticed an orc warrior
  4044 | D:7      | Slain by an orc warrior

Skill      XL: |  1  2  3  4 |
---------------+-------------+-----
Necromancy     | 5 6 |  6.7
Spellcasting   | 4 5 |  5.7
Fighting       | |  0.1
Short Blades   | |  0.3
Dodging        | |  2.5
Stealth        | |  2.7

Action                   |  1- 3 |  4- 6 || total
-------------------------+-------+-------++-------
Melee: Unarmed           |   187 |       ||   187
       Dagger            |       |    23 ||    23
 Cast: Pain              |    62 |    31 ||    93
       Animate Skeleton  |    10 |     1 ||    11
       Vampiric Draining |     3 |     5 ||     8
       Animate Dead      |       |     3 ||     3
  Use: Scroll            |     7 |     4 ||    11
       Potion            |     4 |     3 ||     7
  Eat: Chunk             |     5 |     2 ||     7
       Ration            |       |     1 ||     1
Armor: Robe              |     4 |     6 ||    10
Dodge: Dodged            |    21 |    27 ||    48
